 Dungeon Crawl Stone Soup version 0.21.0-24-g2553a3340b (webtiles) character file.

99 Khodoque the Sneak (level 5, -2/34 HPs)
             Began as a Halfling Assassin on Jan 20, 2018.
             Killed by divine providence
             ... invoked by an orc priest
              (11 damage)
             ... on level 3 of the Dungeon.
             The game lasted 00:12:58 (1863 turns).

Khodoque the Sneak (Halfling Assassin)              Turns: 1863, Time: 00:12:58

Health: -2/34      AC:  4    Str: 12    XL:     5   Next: 2%
Magic:  5/5        EV: 14    Int:  9    God:
Gold:   26         SH:  0    Dex: 17    Spells: 4/4 levels left

rFire    . . .     SeeInvis .   b - +0 blowgun
rCold    . . .     Gourm    .   (shield restricted)
rNeg     . . .     Faith    .   c - +0 robe
rPois    .         Spirit   .   n - +0 helmet
rElec    .         Reflect  .   d - +0 cloak
rCorr    .         Harm     .   (no gloves)
MR       .....                  (no boots)
Stlth    +++.......             (no amulet)
HPRegen  0.11/turn              (no ring)
MPRegen  0.09/turn              (no ring)

@: no status effects
A: small, mutation resistance 1
a: no special abilities


You were on level 3 of the Dungeon.
You were not hungry.

You visited 1 branch of the dungeon, and saw 3 of its levels.

You collected 26 gold pieces.

Inventory:

Hand Weapons
 a - a +2 dagger
 b - a +0 blowgun (weapon)
Missiles
 e - 6 poisoned needles (quivered)
 f - 2 curare-tipped needles
Armour
 c - a +0 robe (worn)
 d - a +0 cloak (worn)
 n - a +0 helmet (worn)
Scrolls
 i - a scroll of teleportation {unknown}
 j - 5 scrolls of identify {unknown}
 p - a scroll of remove curse {unknown}
Potions
 h - a potion of heal wounds {unknown}
 k - a potion of flight {unknown}
 l - 2 potions of curing
 m - a potion of degeneration {unknown}
 o - 2 potions of lignification {unknown}
Comestibles
 g - 4 rations


   Skills:
 + Level 2.0 Fighting
 + Level 3.1 Short Blades
 + Level 2.3 Throwing
 + Level 1.5 Dodging
 + Level 6.0 Stealth


You had 4 spell levels left.
You didn't know any spells.

Dungeon Overview and Level Annotations

Branches:
Dungeon (3/15)

Altars:
Hepliaklqana
Makhleb
Yredelemnul


Innate Abilities, Weirdness & Mutations

You are small and have problems with some larger weapons.
You are somewhat resistant to further mutation.


Message History

You shoot a poisoned needle.
The poisoned needle closely misses the orc priest.
The orc priest calls down the wrath of Beogh upon you.
Beogh smites you!
Firing (i - inventory. (,) - cycle):
e - 7 poisoned needles (quivered)
Press: ? - help, Shift-Dir - straight line, f/p - orc priest
Aim: an orc priest, wielding a hand axe You shoot a poisoned needle.
The poisoned needle hits the orc priest.
The orc priest is poisoned.
The orc priest looks satisfied for a moment.
The orc priest looks satisfied for a moment.
The orc priest mumbles some strange prayers to Beogh against you.
Beogh smites you!
* * * LOW HITPOINT WARNING * * *
Things that are here:
a club; 3 stones; a kobold corpse The orc priest mumbles some strange prayers to Beogh against you.
Beogh smites you!
You die...

#.......# ..
####o##### ##
#.###.##
#....#.###
##.......#
#.o.....#
#.o.....# .
#.).....#
...###.@.....#
#.............#
#..####.......#
..#####.######
...##.##### #
#.#<...รท.#
#.##........#
#.......###.##
####...#.....#


You could see an orc priest and 2 orcs.

Vanquished Creatures
  5 adders
  4 worms (D:2)
  A dart slug (D:2)
  3 bats
  2 giant cockroaches
  2 goblins
  4 hobgoblins
  4 jackals (D:2)
  A quokka (D:2)
  2 ball pythons (D:2)
  3 frilled lizards
  8 kobolds
  6 rats
45 creatures vanquished.

Notes
Turn   | Place    | Note
-------+----------+-------------------------------------------
     0 | D:1      | Khodoque the Halfling Assassin began the quest for the Orb.
     0 | D:1      | Reached XP level 1. HP: 14/14 MP: 1/1
    72 | D:1      | You fall through a shaft!
    73 | D:2      | Reached skill level 5 in Stealth
    73 | D:2      | Reached XP level 2. HP: 16/19 MP: 2/2
   149 | D:1      | Reached XP level 3. HP: 22/24 MP: 3/3
   656 | D:2      | Found a hazy altar of Hepliaklqana.
   656 | D:2      | Found a basalt altar of Yredelemnul.
   657 | D:2      | Found a burning altar of Makhleb.
   829 | D:2      | Reached XP level 4. HP: 17/29 MP: 4/4
  1408 | D:2      | Reached skill level 6 in Stealth
  1793 | D:3      | Reached XP level 5. HP: 34/34 MP: 5/5
  1863 | D:3      | Killed from afar by an orc priest

Skill      XL: |  1  2  3  4 |
---------------+-------------+-----
Stealth        | 5 6 |  6.0
Fighting       | 2 |  2.0
Short Blades   | 3 |  3.1
Throwing       | |  2.3
Dodging        | |  1.5

Action                   |  1- 3 |  4- 6 || total
-------------------------+-------+-------++-------
Melee: Dagger            |    67 |    83 ||   150
 Fire: Hunting sling     |     3 |       ||     3
       Blowgun           |       |    13 ||    13
Throw: Stone             |     1 |       ||     1
  Use: Potion            |     1 |       ||     1
 Stab: Sleeping          |     8 |     7 ||    15
       Distracted        |       |     1 ||     1
  Eat: Chunk             |       |     3 ||     3
Armor: Robe              |     4 |    15 ||    19
Dodge: Dodged            |    32 |    55 ||    87
